 Dungeon Sprint DCSS version 0.32-a0-876-gcfddb08e57 (webtiles) character file.

Game seed: 7847728968975395372

11 Conn the Firebug (level 2, -1/17 HPs)
             Began as an Octopode Fire Elementalist on Apr 1, 2024.
             Was a Follower of Sif Muna.
             Slain by an ufetubus (2 damage)
             ... in the Dungeon (Sprint VII: "The Pits").
             The game lasted 00:00:29 (132 turns).

Conn the Firebug (Octopode Fire Elementalist)        Turns: 132, Time: 00:00:31

Health: -1/17      AC:  1    Str:  7    XL:     2   Next: 25%
Magic:  5/5        EV: 12    Int: 17    God:    Sif Muna [*.....]
Gold:   0          SH:  0    Dex: 12    Spells: 3/6 levels left

rFire   . . .        g - +2 falchion
rCold   . . .        (no shield)
rNeg    . . .        (helmet restricted)
rPois   .            (no amulet)
rElec   .            (no ring)
rCorr   .            (no ring)
SInv    .            (no ring)
Will    .....        (no ring)
Stlth   +++          (no ring)
HPRegen 0.22/turn    (no ring)
MPRegen 0.09/turn    (no ring)
                     (no ring)

%: no teleportation
@: no status effects
A: almost no armour, amphibious, 8 rings, camouflage 1, gelatinous body 1,
(nimble swimmer 1), tentacles
a: Renounce Religion, Channel Magic


You were in the Dungeon.
You worshipped Sif Muna.
Sif Muna was aware of your devotion.
You visited 1 branch

Inventory:

Hand Weapons
 g - a +2 falchion (weapon)
Scrolls
 f - a scroll of blinking
 i - 2 scrolls of vulnerability
 j - 5 scrolls of amnesia
 k - a scroll of summoning
Potions
 a - 5 potions of magic
 b - a potion of curing
 c - a potion of heal wounds
 d - a potion of haste
 e - 3 potions of berserk rage
 h - 2 potions of invisibility


   Skills:
 + Level 2.4 Dodging
 + Level 3.7 Stealth
 + Level 2.5 Spellcasting
 + Level 1.1 Conjurations
 + Level 4.2 Fire Magic


You had 3 spell levels left.
You knew the following spells:

 Your Spells              Type           Power      Damage    Failure   Level
a - Foxfire               Conj/Fire      44%        2x1d6     6%          1
b - Scorch                Fire           32%        2d6       4%          2

Your spell library contained the following spells:

 Spells                   Type           Power      Damage    Failure   Level
 Inner Flame              Hex/Fire       9%         N/A       22%         3
 Volatile Blastmotes      Fire/Tloc      18%        2d11      22%         3
 Flame Wave               Conj/Fire      11%        2d6       52%         4


Dungeon Overview and Level Annotations

Branches:
Dungeon (1/1)

Altars:
Ashenzari
Cheibriados
Dithmenos
Elyvilon
Fedhas
Gozag
Hepliaklqana
Kikubaaqudgha
Makhleb
Nemelex Xobeh
Okawaru
Qazlal
Ru
Sif Muna
Trog
Uskayaw
Vehumet
Wu Jian
Xom
Yredelemnul
Zin
The Shining One
Beogh
Jiyva
Lugonu


Innate Abilities, Weirdness & Mutations

You cannot wear most types of armour.
You are amphibious.
You can wear up to eight rings at the same time.
Your skin changes colour to match your surroundings (Stealth+).
Your rubbery body absorbs attacks. (AC +1, EV +1)
((You are camouflaged when in or above water. (Stealth+)))
You have tentacles for arms and can constrict up to eight enemies at once.


Message History

You closely miss the adder. Your grab misses the adder. You squeeze the adder.
You kill the adder!
Sif Muna accepts your kill.
You feel sick.
Your Stealth skill increases to level 3!
Your Fire Magic skill increases to level 4!
You have reached level 2!
Unknown command.
You start resting.
You feel sick. x2
Your foxfire dissipates! x2
You start resting.
You feel sick. x2
You are no longer poisoned.
You start resting.
Magic restored.
You start resting.
HP restored.
You start memorising the spell.
You continue memorising. x2
You finish memorising.
Spell assigned to 'b'.
You open the door.
A rat comes into view.
An ufetubus comes into view.
There is an open door here.
The helpless rat fails to defend itself.
You hit the rat.
You kill the rat!
Sif Muna accepts your kill.
You can now call upon Sif Muna for magical energy.
The helpless ufetubus fails to defend itself.
You hit the ufetubus. Your grab misses the ufetubus.
The ufetubus is moderately wounded.
The ufetubus hits you. The ufetubus misses you. The ufetubus slips past you!
The ufetubus barely misses you. The ufetubus hits you.
You hit the ufetubus. Your grab misses the ufetubus.
The ufetubus is almost dead.
The ufetubus hits you.
* * * LOW HITPOINT WARNING * * *
The ufetubus hits you.
* * * LOW HITPOINT WARNING * * *
The ufetubus hits you.
You die...

##########'##..§§....
#..(.')))'.##.§....#.
##########.##.....v..
#.........).'.....§..
#+#####'#####.....§#.
#..†..# #.....§..
#.†...# ####'####
###'### #.......#
#.@5..# #.......#
#.....# #.......#
####+## #...<...#
#.......# #.......#
#.......# #########


You could see an ufetubus.

Vanquished Creatures
  An adder (D)
  A frilled lizard (D)
  A kobold (D)
  A rat (D)
4 creatures vanquished.

Vanquished Creatures (others)
  4 foxfires (D)
4 creatures vanquished.

Grand Total: 8 creatures vanquished

Notes
Turn   | Place    | Note
-------+----------+-------------------------------------------
     0 | D        | Conn the Octopode Fire Elementalist began the quest for the
                  | Orb.
     0 | D        | Reached XP level 1. HP: 11/11 MP: 3/3
    16 | D        | Found a bloodstained altar of Trog.
    16 | D        | Found a shimmering blue altar of Sif Muna.
    16 | D        | Found a viscous altar of Jiyva.
    16 | D        | Found a hazy altar of Hepliaklqana.
    16 | D        | Found an opulent altar of Gozag.
    17 | D        | Found a glowing golden altar of the Shining One.
    17 | D        | Found a glowing silver altar of Zin.
    17 | D        | Found a basalt altar of Yredelemnul.
    17 | D        | Found a shimmering altar of Xom.
    17 | D        | Found an ornate altar of the Wu Jian Council.
    17 | D        | Found a sacrificial altar of Ru.
    17 | D        | Found a stormy altar of Qazlal.
    17 | D        | Found an iron altar of Okawaru.
    17 | D        | Found a sparkling altar of Nemelex Xobeh.
    17 | D        | Found a burning altar of Makhleb.
    17 | D        | Found a blossoming altar of Fedhas.
    17 | D        | Found a white marble altar of Elyvilon.
    17 | D        | Found a shadowy altar of Dithmenos.
    17 | D        | Found a snail-covered altar of Cheibriados.
    18 | D        | Found a radiant altar of Vehumet.
    18 | D        | Found a corrupted altar of Lugonu.
    18 | D        | Found a roughly hewn altar of Beogh.
    19 | D        | Found an ancient bone altar of Kikubaaqudgha.
    19 | D        | Found a hide-covered altar of Uskayaw.
    19 | D        | Found a broken altar of Ashenzari.
    20 | D        | Became a worshipper of Sif Muna the Loreminder
    59 | D        | Reached skill level 4 in Fire Magic
    59 | D        | Reached XP level 2. HP: 6/17 MP: 2/5
   126 | D        | Learned a level 2 spell: Scorch
   129 | D        | Reached * piety under Sif Muna
   132 | D        | Slain by an ufetubus

Illustrated notes

Levels and vault maps discovered:
D:        pitsprint [storerooms_1, entrance_room_1, metal_vault_2, armoury_2,
          mini_pit_1, grid_room_1, main_hall_1, silver_pit, the_coven_1,
          the_vestibule_1, steel_vault_5, golden_pit, hallway_of_sentries,
          crystal_vault_5, iron_vault_3, final_vault]

Skill      XL: |  1 |
---------------+----+-----
Stealth        | 3 |  3.7
Fire Magic     | 4 |  4.2
Dodging        | |  2.4
Spellcasting   | |  2.5
Conjurations   | |  1.1

Action                     || total
---------------------------++-------
  Melee: Falchion          ||     6
         Tentacles         ||     2
   Cast: Foxfire           ||     3
   Stab: Sleeping          ||     4
 Armour: Skin              ||     6
  Dodge: Dodged            ||     4

Table legend: (Time is in decaauts)
 A = Elapsed time spent in this place.
 B = Non-inter-level travel time spent in this place.
 C = Inter-level travel time spent in this place.
 D = Time resting spent in this place.
 E = Time spent auto-exploring this place.
 F = Levels seen in this place.
 G = Mean time per level.
                   A        B        C        D        E       F      G
               +--------+--------+--------+--------+--------+-----+--------+
         Total |    133 |    133 |      0 |     64 |      0 |   1 |  133.0 |
       Dungeon |    133 |    133 |      0 |     64 |      0 |   1 |  133.0 |
               +--------+--------+--------+--------+--------+-----+--------+

Top non-repeatable levels by time:
       D: 133 daAuts
